 Dungeon Crawl Stone Soup version 0.19.5 (webtiles) character file.

850 QuCean the Ruffian (level 7, -1/67 HPs)
             Began as a Troll Monk on May 4, 2017.
             Slain by a slave (9 damage)
             ... led by Pikel
             ... on level 5 of the Dungeon.
             The game lasted 00:19:14 (3912 turns).

QuCean the Ruffian (Troll Monk)                     Turns: 3912, Time: 00:19:15

Health: -1/67      AC:  6    Str: 22    XL:     7   Next: 69%
Magic:  6/6        EV: 11    Int:  6    God:
Gold:   170        SH:  4    Dex: 12    Spells: 0 memorised, 6 levels left

rFire  . . .     SeeInvis .       - Unarmed
rCold  . . .     Gourm    +     a - +0 robe
rNeg   . . .     Faith    .     (no shield)
rPois  .         Spirit   .     x - +1 hat
rElec  .         Reflect  +     (no cloak)
rCorr  .         Harm     .     (gloves unavailable)
MR     .....                    (boots unavailable)
Stlth  +++.......               t - +4 amulet of reflection
                                c - ring of stealth
                                m - +5 ring of slaying

@: no status effects
A: unfitting armour, claws 3, fast metabolism 3, gourmand, regeneration 1,
shaggy fur 1, tough skin 2
a: no special abilities


You were on level 5 of the Dungeon.
You were hungry.

You visited 1 branch of the dungeon, and saw 5 of its levels.

You collected 170 gold pieces.

Inventory:

Hand Weapons
 r - a +2 dagger of holy wrath
 y - a +0 giant club
Armour
 a - a +0 robe (worn)
 s - a +0 hat
 x - a +1 hat (worn)
Rods
 g - a +1 iron rod (10/10)
   (You found it on level 3 of the Dungeon)
Jewellery
 c - a ring of stealth (right claw)
 m - a +5 ring of slaying (left claw)
 t - a +4 amulet of reflection (around neck)
 z - a +3 ring of dexterity {unknown}
 E - the ring "Ruoruo" {MR+ Stlth+, unknown}
   (You found it on level 5 of the Dungeon)

   [ring of protection from magic]

   It affects your resistance to hostile enchantments.
   It makes you more stealthy.
Scrolls
 d - 4 scrolls of teleportation
 i - 4 scrolls of remove curse
 j - 3 scrolls of enchant weapon
 q - a scroll of blinking {unknown}
 u - a scroll of fog {unknown}
 A - a scroll of immolation {unknown}
 C - a scroll of recharging {unknown}
Potions
 e - a potion of mutation
 k - a potion of degeneration {unknown}
 l - a potion of heal wounds {unknown}
 n - a potion of flight {unknown}
 o - a potion of ambrosia {unknown}
 p - 4 potions of curing {unknown}
 v - 2 potions of might {unknown}
 w - a potion of haste {unknown}
 B - a potion of berserk rage {unknown}
Comestibles
 b - a bread ration
 f - 2 fruits
 h - a beef jerky
 D - 2 chunks of flesh


   Skills:
 + Level 3.3 Fighting
 + Level 4.4 Dodging
 + Level 2.3 Stealth
 + Level 6.6 Unarmed Combat


You had 6 spell levels left.
You didn't know any spells.

Dungeon Overview and Level Annotations

Branches:
Dungeon (5/15)
 Temple: D:4-7

Altars:
Ashenzari
Dithmenos
Elyvilon
Gozag
Sif Muna

Annotations:
D:5 Pikel


Innate Abilities, Weirdness & Mutations

You are too large for most types of armour.
You have claws for hands.
Your metabolism is lightning-fast.
You like to eat raw meat.
Your natural rate of healing is unusually fast.
You are covered in fur. (AC +1)
You have very tough skin. (AC +2)


Message History

You barely miss the slave.
The slave is heavily wounded.
Pikel hits you with a whip of flaming. Pikel burns you.
The slave hits you but does no damage. The slave hits you!
* * * LOW HITPOINT WARNING * * *
You claw the slave!
The slave is almost dead.
The slave hits you but does no damage. Pikel hits you with a whip of flaming.
* * * LOW HITPOINT WARNING * * *
Pikel burns you.
* * * LOW HITPOINT WARNING * * *
The slave hits you.
* * * LOW HITPOINT WARNING * * *
The slave hits you.
* * * LOW HITPOINT WARNING * * *
Pikel waves a pair of manacles at you. Pikel hits you but does no damage.
The slave barely misses you. The slave hits you!
You die...

..........# #..#
..........####)######
##########..........#
#..........######
#....>...........
##..........#####
............#
##...........#
#......@...##
#..#####pK.# #..
#p..# +...# #.[.#
#...# ....# .....#
#######


You could see Pikel and 2 slaves.

Vanquished Creatures
  The ghost of letownia the Digger, a novice OpEE of Gozag (D:4)
  An ice beast (D:5)
  2 slaves (D:5)
  An ogre (D:4)
  2 hounds
  An orc priest (D:4)
  A centaur skeleton (D:5)
  An iguana (D:5)
  Terence (D:2)
  2 orc wizards (D:4)
  A worker ant (D:4)
  A hound skeleton (D:5)
  Robin (D:2)
  5 adders
  An ooze (D:4)
  An adder skeleton (D:5)
  A dart slug (D:1)
  4 leopard geckos
  5 orcs
  4 ball pythons
  9 giant cockroaches
  11 hobgoblins
  4 jackals (D:3)
  6 kobolds
  A quokka (D:5)
  7 bats
  7 frilled lizards
  10 goblins
  A jackal zombie (D:5)
  A leopard gecko skeleton (D:5)
  A quokka skeleton (D:5)
  6 rats
  A bush (D:2)
102 creatures vanquished.

Notes
Turn   | Place    | Note
-------+----------+-------------------------------------------
     0 | D:1      | QuCean the Troll Monk began the quest for the Orb.
     0 | D:1      | Reached XP level 1. HP: 22/22 MP: 0/0
   274 | D:1      | Reached XP level 2. HP: 29/29 MP: 1/1
   864 | D:1      | Reached XP level 3. HP: 36/36 MP: 2/2
  1284 | D:2      | Noticed Terence
  1296 | D:2      | Killed Terence
  1296 | D:2      | Reached XP level 4. HP: 24/44 MP: 3/3
  1367 | D:2      | Reached skill level 4 in Unarmed Combat
  1371 | D:2      | Noticed Robin
  1549 | D:2      | Killed Robin
  2196 | D:3      | Reached XP level 5. HP: 52/52 MP: 4/4
  2712 | D:4      | Noticed an ogre
  2721 | D:4      | Killed an ogre
  2721 | D:4      | Reached skill level 5 in Unarmed Combat
  2839 | D:4      | Reached XP level 6. HP: 51/61 MP: 5/5
  2880 | D:4      | Noticed letownia's ghost (novice OpEE)
  2903 | D:4      | Killed letownia's ghost
  2903 | D:4      | Reached XP level 7. HP: 54/67 MP: 6/6
  2907 | D:4      | Reached skill level 6 in Unarmed Combat
  3513 | D:5      | Entered Level 5 of the Dungeon
  3513 | D:5      | Found a shattered altar of Ashenzari.
  3513 | D:5      | Found a shadowy altar of Dithmenos.
  3513 | D:5      | Found an opulent altar of Gozag.
  3513 | D:5      | Found a deep blue altar of Sif Muna.
  3639 | D:5      | Found a white marble altar of Elyvilon.
  3858 | D:5      | Got a translucent amber ring
  3890 | D:5      | Noticed Pikel
  3912 | D:5      | Slain by a slave

Skill      XL: |  1  2  3  4  5  6  7 |
---------------+----------------------+-----
Unarmed Combat | 4 5 6 |  6.6
Dodging        | 3 4 |  4.4
Fighting       | 3 |  3.3
Stealth        | 2 |  2.3

Action                   |  1- 3 |  4- 6 |  7- 9 || total
-------------------------+-------+-------+-------++-------
Melee: Unarmed           |   120 |   109 |    68 ||   297
       Punch             |     2 |     2 |     1 ||     5
  Use: Scroll            |     3 |     1 |       ||     4
 Stab: Sleeping          |     1 |     2 |       ||     3
  Eat: Chunk             |     4 |     3 |     3 ||    10
       Bread ration      |     1 |     1 |     1 ||     3
       Fruit             |       |     1 |       ||     1
       Pizza             |       |     1 |       ||     1
       Beef jerky        |       |     1 |       ||     1
       Meat ration       |       |     1 |       ||     1
Armor: Robe              |    54 |    72 |    18 ||   144
Dodge: Dodged            |    74 |   128 |    54 ||   256
Block: Other             |       |     1 |    13 ||    14
